 Dungeon Crawl Stone Soup version 0.17-a0-1648-g0a089d4 (webtiles) character file.

1055 urechis the Conjurer (level 8, -10/50 HPs)
             Began as a Gargoyle Wizard on Aug 12, 2015.
             Mangled by an ice beast (15 damage)
             ... on level 5 of the Dungeon.
             The game lasted 00:12:21 (5713 turns).

urechis the Conjurer (Gargoyle Wizard)              Turns: 5713, Time: 00:12:21

Health: -10/50     AC: 10    Str: 11    XL:     8   Next: 26%
Magic:  8/16       EV: 11    Int: 21    God:
Gold:   174        SH:  0    Dex:  8    Spells: 4 memorised, 9 levels left

rFire  + . .     SeeInvis .     a - +1 whip (flame)
rCold  x . .     Clarity  .     v - +0 leather armour
rNeg   + . .     SustAt   .     (no shield)
rPois  ∞         Gourm    .     t - +1 helmet
rElec  +         Spirit   .     (no cloak)
rCorr  .         Warding  .     (no gloves)
rMut   .         Stasis   .     (no boots)
MR     .....                    (no amulet)
Stlth  +.........               (no ring)
                                n - ring of fire

@: not resistant to hostile enchantments, very unstealthy
A: negative energy resistance 1, electricity resistance, unbreathing,
petrification resistance, rot immunity, AC +5
a: no special abilities


You were on level 5 of the Dungeon.
You were not hungry.

You visited 1 branch of the dungeon, and saw 5 of its levels.

You collected 174 gold pieces.

Inventory:

Hand weapons
 a - a +1 whip of flaming (weapon)
 g - a +0 spear
Armour
 t - a +1 helmet (worn)
 v - a +0 leather armour (worn)
Jewellery
 n - a ring of fire (left hand)
Magical devices
 b - a wand of confusion (25)
Scrolls
 h - 2 scrolls of random uselessness {unknown}
 i - 7 scrolls of identify {unknown}
 j - a scroll of noise {unknown}
 k - 2 scrolls of amnesia {unknown}
 m - 2 scrolls of fear {unknown}
 o - a scroll of enchant armour {unknown}
 q - a scroll of remove curse {unknown}
Potions
 e - 2 potions of agility {unknown}
 l - 2 potions of poison {unknown}
 p - 2 potions of might {unknown}
 r - a potion of brilliance {unknown}
 s - a potion of haste {unknown}
 u - a potion of magic {unknown}
Books
 c - a book of Minor Magic

   Spells                             Type                      Level
   a - Magic Dart                     Conjuration                  1
   b - Blink                          Translocation                2
   c - Call Imp                       Summoning                    2
   d - Repel Missiles                 Charms/Air                   2
   e - Slow                           Hexes                        2
   f - Conjure Flame                  Conjuration/Fire             3
   g - Mephitic Cloud                 Conjuration/Poison/Air       3
Comestibles
 d - 2 bread rations
 f - 3 meat rations


   Skills:
 + Level 5.5 Fighting
 - Level 1.5 Dodging
 - Level 2.1 Stealth
 + Level 5.7 Spellcasting
 - Level 6.2 Conjurations
   Level 0.8 Summonings
 - Level 0.8 Translocations


You had 9 spell levels left.
You knew the following spells:

 Your Spells              Type           Power        Failure   Level  Hunger
a - Magic Dart            Conj           ####         1%          1    None
b - Blink                 Tloc           N/A          17%         2    None
c - Mephitic Cloud        Conj/Pois/Air  ##......     21%         3    ##.....
d - Conjure Flame         Conj/Fire      ####....     12%         3    ##.....


Dungeon Overview and Level Annotations

Branches:
Dungeon (5/15)
 Temple: D:4-7

Altars:
Cheibriados
Yredelemnul


Innate Abilities, Weirdness & Mutations

You are resistant to torment.
Your stone body is resilient (AC +5).
You are immune to poison.
You resist negative energy.
You are resistant to electric shocks.
You can survive without breathing.
You are immune to petrification.
You are immune to rotting.


Message History

Aiming: Mephitic Cloud
Press: ? - help, Shift-Dir - straight line, f/p - ice beast
Aim: an ice beast (moderately wounded)
The ball explodes into a vile cloud!
The stinking cloud engulfs the ice beast.
The ice beast is moderately wounded.
The stinking cloud engulfs you!
The ice beast hits you but does no damage.
You barely miss the ice beast.
The ice beast is moderately wounded.
The ice beast completely misses you.
You hit the ice beast but do no damage.
The ice beast is moderately wounded.
The ice beast hits you but does no damage.
You hit the ice beast.
You melt the ice beast.
The ice beast is heavily wounded.
The ice beast hits you.
* * * LOW HITPOINT WARNING * * *
The ice beast freezes you!
You feel a terrible chill!
You die...

#.###....###..########
#####...## #..........
##...## #........[.
#...## ##.........!
##...# ##.....$.....
#...#####............
##.(<.....%..#.......#
#..........####...####
####.@...### #..##
#.Y?.## #..# ##§§##
#..# #..# #..# #..#
#..# #..# #..# #..#
#..# # #..# #..# ##
#..## ##..####.


You could see an ice beast.

Vanquished Creatures
  Pikel (D:4)
  A slave (D:4)
  An ogre (D:3)
  A jelly (D:5)
  A quasit (D:5)
  A centaur skeleton (D:4)
  3 hounds (D:4)
  2 orc priests
  3 orc wizards
  2 worker ants (D:4)
  A worker ant zombie (D:5)
  3 gnolls (D:3)
  6 adders
  2 worms
  An adder skeleton (D:4)
  3 giant geckos
  7 orcs
  7 bats
  5 giant cockroaches
  5 goblins
  5 hobgoblins
  14 jackals
  7 kobolds
  4 giant newts
  2 quokkas (D:3)
  A quokka skeleton (D:4)
  6 rats
  A spectral orc (D:5)
96 creatures vanquished.

Notes
Turn   | Place    | Note
--------------------------------------------------------------
     0 | D:1      | urechis the Gargoyle Wizard began the quest for the Orb.
     0 | D:1      | Reached XP level 1. HP: 10/10 MP: 4/4
   559 | D:1      | Reached XP level 2. HP: 15/15 MP: 6/6
  1237 | D:2      | Reached XP level 3. HP: 19/19 MP: 1/7
  1312 | D:2      | Found a snail-covered altar of Cheibriados.
  1806 | D:3      | Reached skill level 4 in Conjurations
  1829 | D:3      | Reached XP level 4. HP: 21/24 MP: 2/8
  2405 | D:3      | Learned a level 2 spell: Blink
  2409 | D:3      | Learned a level 3 spell: Mephitic Cloud
  2413 | D:3      | Learned a level 3 spell: Conjure Flame
  2458 | D:3      | Noticed an ogre
  2476 | D:3      | Killed an ogre
  2476 | D:3      | Reached skill level 5 in Conjurations
  2476 | D:3      | Reached XP level 5. HP: 25/28 MP: 6/9
  2913 | D:4      | Reached skill level 6 in Conjurations
  2936 | D:4      | Noticed a slave
  3108 | D:4      | Killed a slave
  3367 | D:4      | Noticed a slave
  3369 | D:4      | Noticed Pikel
  3372 | D:4      | Noticed a slave
  3374 | D:4      | Noticed a slave
  3664 | D:4      | Reached XP level 6. HP: 31/33 MP: 4/10
  3695 | D:4      | Reached skill level 1 in Fighting
  4722 | D:5      | Entered Level 5 of the Dungeon
  4776 | D:4      | Killed Pikel
  4776 | D:4      | Reached skill level 5 in Fighting
  4776 | D:4      | Reached skill level 5 in Spellcasting
  4776 | D:4      | Reached XP level 7. HP: 22/44 MP: 0/14
  4776 | D:4      | Reached XP level 8. HP: 24/49 MP: 0/15
  5244 | D:5      | Found a basalt altar of Yredelemnul.
  5713 | D:5      | Mangled by an ice beast

Vault maps used:
D:1:      dpeg_arrival_simpleton_b, supply_closet_lemuel, minivault_23
D:2:      lemuel_doored_altar
D:3:      kennysheep_big_flooded_room
D:4:      uniq_pikel
D:5:      minmay_opposing_rooms, yredelemnul_forgotten_temple_becter,
          minmay_temple_entry_grid, first_bread

Action                   |  1- 3 |  4- 6 |  7- 9 || total
-------------------------+-------+-------+-------++-------
Melee: Spear             |    92 |   247 |       ||   339
       Whip              |       |       |    58 ||    58
 Cast: Magic Dart        |    27 |   103 |    36 ||   166
       Mephitic Cloud    |       |     9 |     7 ||    16
 Stab: Sleeping          |     3 |     4 |     1 ||     8
       Confused          |       |     2 |     2 ||     4
  Eat: Bread ration      |     1 |       |       ||     1
       Chunk             |       |     3 |     4 ||     7
       Meat ration       |       |     1 |       ||     1
